AoeStats
← juu

Oasis

509656858Analyzed
2v2 RM · 5d ago on Sep 27, 2026· 56m 26s· 4 players
Game mode
Random Map
Map size
Medium (4 player)
Population
200
Speed
Normal
Resources
Standard
Victory
Conquest
Starting age
Dark Age
Ending age
Imperial Age
RankedLock teamsTeams togetherTeam positionsShared explorationLock speedFull tech treeHidden civsTurbo modeCheats
Victory
Defeat
🇧🇷 Goths · Brazil
1412
+17
🇧🇷 Saracens · Brazil
1328
+20
🇫🇮 Armenians · Finland
1460
-19
🇫🇮 Armenians · Finland
1400
-18
[RZ] Icaro
1:27 Loom
10:16 Feudal Age
10:54 Man-at-Arms
12:07 Double-Bit Axe
17:43 Fletching
17:54 Padded Archer Armor
21:26 Horse Collar
29:03 Castle Age
28:15 Stone Mining
28:20 Gold Mining
30:04 Bodkin Arrow
30:22 Forging
31:25 Town Watch
34:12 Squires
35:13 Town Patrol
35:49 Wheelbarrow
36:47 Iron Casting
36:13 Scale Mail Armor
39:23 Chain Mail Armor
40:34 Wheelbarrow
40:36 Anarchy
41:12 Long Swordsman
45:09 Imperial Age
44:13 Bow Saw
46:12 Conscription
46:54 Blast Furnace
45:16 Two-Handed Swordsman
46:16 Champion
47:40 Hand Cart
51:14 Bracer
51:14 Padded Archer Armor
52:44 Chemistry
52:05 Ballistics
52:58 Two-Man Saw
[Rz] TK_puxa
6:51 Loom
9:17 Feudal Age
9:52 Double-Bit Axe
15:54 Fletching
20:03 Horse Collar
22:35 Padded Archer Armor
27:16 Castle Age
27:19 Crossbowman
28:04 Thumb Ring
27:57 Bodkin Arrow
29:01 Leather Archer Armor
30:47 Gold Mining
31:12 Heavy Plow
31:29 Elite Skirmisher
36:55 Bow Saw
37:13 Bloodlines
37:03 Husbandry
37:54 Husbandry
42:05 Gold Shaft Mining
42:32 Wheelbarrow
47:28 Imperial Age
46:10 Hand Cart
46:31 Forging
46:26 Scale Barding Armor
47:53 Iron Casting
48:06 Bimaristan
47:32 Elite Mameluke
48:47 Hoardings
48:33 Conscription
49:11 Chain Barding Armor
52:34 Blast Furnace
51:55 Light Cavalry
53:22 Hussar
55:25 Plate Barding Armor
54:51 Bracer
juu
9:14 Feudal Age
9:53 Man-at-Arms
11:42 Arson
15:47 Long Swordsman
21:57 Double-Bit Axe
22:31 Fletching
29:43 Castle Age
Genitaali
10:12 Feudal Age
8:28 Loom
10:55 Double-Bit Axe
14:54 Fletching
17:47 Padded Archer Armor
20:14 Horse Collar
22:16 Wheelbarrow
25:10 Castle Age
23:18 Gold Mining
25:15 Man-at-Arms
25:52 Bodkin Arrow
26:44 Hand Cart
26:16 Town Watch
25:57 Crossbowman
26:54 Leather Archer Armor
27:10 Heavy Plow
28:04 Bow Saw
31:45 Ballistics
39:08 Imperial Age
36:53 Long Swordsman
37:18 Gambesons
38:50 Town Patrol
38:16 Two-Handed Swordsman
39:02 Scale Mail Armor
39:12 Forging
39:39 Squires
39:43 Champion
41:47 Conscription
44:02 Chain Mail Armor
44:00 Forging
44:22 Sanctity
44:17 Fervor
44:32 Fereters
46:50 Plate Mail Armor
46:55 Iron Casting
50:42 Blast Furnace
50:53 Arson
52:47 Gold Shaft Mining
52:02 Stone Mining
53:28 Pikeman
Connection lost

Rejoining the realm…

Still unreachable

The connection could not be restored.

Session expired

The server has moved on; the page needs a fresh start.